 Dungeon Crawl Stone Soup version 0.21-a0-110-g8e1637b (webtiles) character file.

71 Ordine the Sneak (level 4, 0/21 HPs)
             Began as a Spriggan Enchanter on July 8, 2017.
             Slain by an orc
             ... wielding a +0 club
              (3 damage)
             ... on level 3 of the Dungeon.
             The game lasted 00:05:14 (1929 turns).

Ordine the Sneak (Spriggan Enchanter)               Turns: 1929, Time: 00:05:14

Health: 0/21       AC:  2    Str:  4    XL:     4   Next: 5%
Magic:  1/9        EV: 18    Int: 17    God:
Gold:   69         SH:  0    Dex: 16    Spells: 2/8 levels left

rFire    . . .     SeeInvis +   a - +1 dagger
rCold    . . .     Gourm    .   (shield restricted)
rNeg     . . .     Faith    .   b - +0 robe
rPois    .         Spirit   .   (helmet restricted)
rElec    .         Reflect  .   (no cloak)
rCorr    .         Harm     .   (gloves unavailable)
MR       .....                  (boots unavailable)
Stlth    +++.......             (no amulet)
HPRegen  0.07/turn              (no ring)
MPRegen  0.11/turn              (no ring)

@: hasted, very quick
A: unfitting armour, see invisible, herbivore 3, speed 3, slow metabolism 2
a: no special abilities


You were on level 3 of the Dungeon.
You were not hungry.

You visited 1 branch of the dungeon, and saw 3 of its levels.

You collected 69 gold pieces.

Inventory:

Hand Weapons
 a - a +1 dagger (weapon)
Armour
 b - a +0 robe (worn)
Potions
 f - a potion of agility {unknown}
 g - a potion of heal wounds {unknown}
 h - a potion of mutation {unknown}
 i - a potion of berserk rage {unknown}
 j - a potion of curing {unknown}
 k - 2 potions of degeneration {unknown}
Books
 c - a book of Maledictions

   Spells                             Type                      Level
   a - Corona                         Hexes                        1
   b - Ensorcelled Hibernation        Hexes/Ice                    2
   c - Confuse                        Hexes                        3
   d - Tukima's Dance                 Hexes                        3
   e - Dazzling Spray                 Conjuration/Hexes            3
Comestibles
 d - 2 bread rations


   Skills:
 + Level 3.0 Short Blades
 - Level 3.0 Dodging
 * Level 6.2 Stealth
 - Level 2.6 Spellcasting
 - Level 3.6 Hexes


You had 2 spell levels left.
You knew the following spells:

 Your Spells              Type           Power        Failure   Level  Hunger
a - Corona                Hex            ##.....      4%          1    #......
b - Ensorcelled Hibernat  Hex/Ice        #.....       13%         2    ##.....
c - Confuse               Hex            ##......     12%         3    ###....


Dungeon Overview and Level Annotations

Branches:
Dungeon (3/15)

Altars:
Elyvilon


Innate Abilities, Weirdness & Mutations

You are very small and have problems with some larger weapons.
You are too small for most types of armour.
You have supernaturally acute eyesight. (SInv)
You are a herbivore.
You cover ground extremely quickly.
You need consume almost no food.


Message History

The orc is outlined in light.
The orc hits you with a club.
* * * LOW HITPOINT WARNING * * *
You hit the orc but do no damage.
The orc is heavily wounded.
You hit the orc.
The orc is heavily wounded.
The orc completely misses you.
It was a potion of haste.
You feel yourself speed up. The orc closely misses you.
You hit the orc.
The orc is severely wounded.
You completely miss the orc.
The orc is severely wounded.
The orc closely misses you.
You hit the orc but do no damage.
The orc is severely wounded.
You hit the orc but do no damage.
The orc is severely wounded.
The orc hits you with a club.
You die...

# #.# #<# #.#
#.# #.# #o# #.#
#.#############
#.........o@..#
###############


You could see an orc.

Vanquished Creatures
  4 adders (D:2)
  2 dart slugs (D:2)
  A leopard gecko (D:1)
  A giant cockroach (D:1)
  3 goblins
  3 hobgoblins (D:1)
  2 jackals (D:1)
  3 frilled lizards
  10 kobolds
  7 rats
36 creatures vanquished.

Notes
Turn   | Place    | Note
-------+----------+-------------------------------------------
     0 | D:1      | Ordine the Spriggan Enchanter began the quest for the Orb.
     0 | D:1      | Reached XP level 1. HP: 9/9 MP: 5/5
   423 | D:1      | Reached XP level 2. HP: 8/13 MP: 6/6
   533 | D:1      | Learned a level 2 spell: Ensorcelled Hibernation
   683 | D:1      | Reached skill level 5 in Stealth
  1114 | D:2      | Reached XP level 3. HP: 16/16 MP: 2/8
  1119 | D:2      | Learned a level 3 spell: Confuse
  1471 | D:2      | Reached skill level 6 in Stealth
  1473 | D:2      | Found a white marble altar of Elyvilon.
  1648 | D:2      | Reached XP level 4. HP: 15/21 MP: 7/9
  1929 | D:3      | Slain by an orc

Vault maps used:
D:1:      dpeg_arrival_refuge
D:2:      lemuel_round_altar
D:3:      hangedman_decor_opposing, tgw_sif

Skill      XL: |  1  2  3 |
---------------+----------+-----
Short Blades   | 2 3 |  3.0
Stealth        | 5 6 |  6.2
Dodging        | |  3.0
Spellcasting   | |  2.6
Hexes          | |  3.6

Action                   |  1- 3 |  4- 6 || total
-------------------------+-------+-------++-------
Melee: Dagger            |   104 |    20 ||   124
 Cast: Ensorcelled Hiber |    11 |     5 ||    16
       Corona            |       |     2 ||     2
  Use: Scroll            |     1 |       ||     1
       Potion            |       |     1 ||     1
 Stab: Sleeping          |    22 |     1 ||    23
Armor: Robe              |     6 |       ||     6
Dodge: Dodged            |    58 |    14 ||    72
